 Dungeon Crawl Stone Soup version 0.31-a0-174-g85c54bcb58 (webtiles) character file.

Game seed: 10599255937816025771

107 qw the Shooter (level 4, -1/28 HPs)
             Began as a Gargoyle Hunter on June 15, 2023.
             Killed from afar by an orc wizard (5 damage)
             ... with a magic dart
             ... on level 3 of the Dungeon.
             The game lasted 00:00:56 (2052 turns).

qw the Shooter (Gargoyle Hunter)                    Turns: 2052, Time: 00:00:57

Health: -1/28      AC:  9    Str: 15    XL:     4   Next: 86%
Magic:  4/4        EV: 11    Int:  9    God:
Gold:   200        SH:  0    Dex: 15    Spells: 3/3 levels left

rFire   . . .        Y - +0 shortbow
rCold   . . .        (shield currently unavailable)
rNeg    + . .        o - +0 ring mail
rPois   inf          (no helmet)
rElec   +            f - +0 cloak
rCorr   .            (no gloves)
SInv    .            (no boots)
Will    .....        (no amulet) Stlth
                     (no ring)
HPRegen 0.24/turn    (no ring)
MPRegen 0.09/turn

%: no passive effects
@: confused
A: sickness immunity, AC +3, negative energy resistance 1, electricity
resistance, torment resistance 1, petrification resistance
a: no special abilities


You were on level 3 of the Dungeon.
You visited 1 branch of the dungeon, and saw 3 of its levels.

You collected 200 gold pieces.


Innate Abilities, Weirdness & Mutations

You are immune to sickness and miasma.
Your stone body is resilient. (AC +3)
You are immune to poison.
You resist negative energy. (rN+)
You are resistant to electric shocks. (rElec)
You are resistant to unholy torment.
You are immune to petrification.


   Skills:
 - Level 3.0 Fighting
 + Level 5.4 Ranged Weapons
 - Level 1.3 Armour
 - Level 1.5 Dodging
 - Level 1.1 Stealth


You had 3 spell levels left.
You didn't know any spells.
Your spell library was empty.

Inventory:

Hand Weapons
 Y - a +0 shortbow (weapon)
Armour
 f - a +0 cloak (worn)
 o - a +0 ring mail (worn)
Scrolls
 a - a scroll of fear {unknown}
 b - a scroll of identify
 n - 4 scrolls of teleportation
Potions
 c - a potion of might {unknown}
 d - a potion of degeneration {unknown}
 e - a potion of magic {unknown}
 g - a potion of curing {unknown}
 h - a potion of resistance {unknown}
 i - a potion of mutation {unknown}
 k - a potion of ambrosia {unknown}
 m - a potion of lignification {unknown}

Dungeon Overview and Level Annotations

Branches:
Dungeon (3/15)

Altars:
Xom


Message History

You hear some strange, mumbled words.
A puff of flame appears from out of thin air!
The puff of flame misses you. Something hits you but does no damage.
You hear some strange, mumbled words.
You are more confused.
Something hits you but does no damage. Something hits you but does no damage.
You hear some strange, mumbled words.
A magic dart appears from out of thin air!
The magic dart hits you.
You hear some strange, mumbled words.
A magic dart appears from out of thin air!
The magic dart hits you but does no damage.
You hear some strange, mumbled words.
A magic dart appears from out of thin air!
The magic dart hits you.
An orc wizard appears from thin air!
Reactivating autopickup.
The orc wizard barely misses you.
The orc wizard hits you but does no damage.
You feel less confused. The orc wizard casts a spell at you.
You are confused.
The orc wizard barely misses you.
The orc wizard casts a spell.
The orc wizard flickers and vanishes!
Deactivating autopickup; reactivate with Ctrl-A.
Something hits you but does no damage. Something hits you but does no damage.
You hear some strange, mumbled words.
You are more confused.
Something hits you but does no damage. Something hits you.
Something hits you but does no damage. Something hits you but does no damage.
You hear some strange, mumbled words.
A magic dart appears from out of thin air!
The magic dart hits you.
You die...

...# #.# ...#
#.# ...# #.#
...# #.# ####
#.. #.# # #.#
#o# # #.# #.# #
#.#######.#### #
#...@{o......# #
#..###.#####.# #
#..# #.# #.#
#############..#
#.# #.#
##......)....<.#
#.### #.#
##.###########.#
#...# #.# ##.#
#.# ###.# #>#
##.# #.#
###.###.# ##.#
#.# #.....#.#


You could see an orc.

Vanquished Creatures
  3 adders
  A dart slug (D:1)
  4 orcs (D:3)
  11 endoplasms
  A giant cockroach (D:1)
  8 goblins
  7 hobgoblins
  5 jackals
  2 quokkas
  7 ball pythons
  5 bats
  4 frilled lizards
  5 kobolds
  5 rats
68 creatures vanquished.

Notes
Turn   | Place    | Note
-------+----------+-------------------------------------------
     0 | D:1      | qw the Gargoyle Hunter began the quest for the Orb.
     0 | D:1      | Reached XP level 1. HP: 12/12 MP: 1/1
     0 | D:1      | 0 ||| qw: Version: 0.2-a-29-g511e9b1
     0 | D:1      | 0 ||| qw: Game counter: 5304
     0 | D:1      | 0 ||| qw: Always use a shield: true
     0 | D:1      | 0 ||| qw: God list: Okawaru
     0 | D:1      | 0 ||| qw: Allow faded altars: false
     0 | D:1      | 0 ||| qw: Do Orc after D:15 true
     0 | D:1      | 0 ||| qw: Do second Lair branch before Depths: true
     0 | D:1      | 0 ||| qw: Lair rune preference: random
     0 | D:1      | 0 ||| qw: Plans: Normal, Zot:1-4, Slime:5, God:TSO, Crypt,
                  | Tomb, Abyss, Pan, Hells, Win
     0 | D:1      | 0 ||| PLANNING D:1-11
   110 | D:1      | Reached XP level 2. HP: 17/17 MP: 2/2
   499 | D:1      | Reached XP level 3. HP: 21/21 MP: 3/3
   522 | D:1      | Found a faded altar of an unknown god.
   736 | D:1      | 736 ||| UPGRADING to +0 cloak.
   741 | D:1      | 741 ||| READING scroll labelled LYNIUCKEOSE.
   742 | D:1      | 742 ||| READING scroll labelled PUUBBI KATOUSYSYSA.
   743 | D:1      | 743 ||| READING scroll labelled QIMO OTEMI.
   748 | D:1      | 748 ||| DROPPING scroll of butterflies.
   780 | D:2      | Reached skill level 5 in Ranged Weapons
   988 | D:2      | Reached skill level 3 in Fighting
  1002 | D:2      | Reached XP level 4. HP: 27/28 MP: 4/4
  1213 | D:2      | Found a shimmering altar of Xom.
  1270 | D:2      | 1270 ||| DROPPING +0 leather armour of poison resistance.
  1271 | D:2      | 1271 ||| UPGRADING to +0 ring mail.
  1281 | D:2      | 1281 ||| DROPPING +0 leather armour.
  1282 | D:2      | 1282 ||| READING scroll labelled ELUCVAF FOHEXO.
  1383 | D:2      | 1383 ||| READING 2 scrolls labelled CUPONO XIDIMAE.
  1384 | D:2      | 1384 ||| DROPPING scroll of noise.
  1948 | D:3      | Reached skill level 1 in Armour
  2016 | D:3      | 2016 ||| FLEEEEING.
  2017 | D:3      | 2017 ||| FLEEEEING.
  2018 | D:3      | 2018 ||| FLEEEEING.
  2019 | D:3      | 2019 ||| FLEEEEING.
  2020 | D:3      | 2020 ||| FLEEEEING.
  2021 | D:3      | 2021 ||| FLEEEEING.
  2022 | D:3      | 2022 ||| FLEEEEING.
  2022 | D:3      | HP: 7/28 [something/magic dart (9)]
  2023 | D:3      | 2023 ||| FLEEEEING.
  2024 | D:3      | 2024 ||| FLEEEEING.
  2025 | D:3      | 2025 ||| FLEEEEING.
  2027 | D:3      | 2027 ||| FLEEEEING.
  2028 | D:3      | 2028 ||| FLEEEEING.
  2039 | D:3      | HP: 3/28 [something/magic dart (6)]
  2049 | D:3      | HP: 3/28 [something (2)]
  2052 | D:3      | Killed from afar by an orc wizard

Levels and vault maps discovered:
D:1:      eino_arrival_cavern_a, layout_basic,
          chequers_ecumenical_altar_simple_redux, chequers_avenue,
          minmay_pentomino_z4
D:2:      layout_basic, basic_altar, chequers_arboretum,
          minmay_goblin_kobold_house
D:3:      cheibrodos_old_hovel, layout_loops_ring,
          mainiacjoe_overflow_cross_hatched, uniq_crazy_yiuf_cottage

Skill      XL: |  1  2  3  4 |
---------------+-------------+-----
Ranged Weapons | 5 |  5.4
Fighting       | 3 |  3.0
Armour         | 1 |  1.3
Dodging        | |  1.5
Stealth        | |  1.1

Action                     |  1- 3 |  4- 6 || total
---------------------------+-------+-------++-------
   Fire: Shortbow          |    87 |    90 ||   177
    Use: Scroll            |     3 |     2 ||     5
 Armour: Leather armour    |     8 |     4 ||    12
         Ring mail         |       |    22 ||    22
  Dodge: Dodged            |    12 |    26 ||    38

Table legend:
 A = Non-vault XP
 B = Vault XP
 C = Vault XP percentage of total XP
 D = Non-vault monster count
 E = Vault monster count
 F = Vault count percentage of total count
                 A         B        C        D         E       F
            +---------+---------+-------+---------+---------+-------
      Total |     142 |      12 |   7.8 |      60 |       8 |  11.8
            +---------+---------+-------+---------+---------+-------
        D:1 |      34 |       4 |  10.5 |      20 |       3 |  13.0
        D:2 |      66 |       7 |   9.6 |      25 |       4 |  13.8
        D:3 |      42 |       1 |   2.3 |      15 |       1 |   6.2
            +---------+---------+-------+---------+---------+-------
